 Dungeon Crawl Stone Soup version 0.19.5 (webtiles) character file.

164 Wander the Poker (level 5, -2/42 HPs)
             Began as a Human Wanderer on Apr 1, 2017.
             Shot with a stone by a goblin (6 damage)
             ... led by Robin
             ... on level 3 of the Dungeon.
             The game lasted 00:06:28 (2427 turns).

Wander the Poker (Human Wanderer)                   Turns: 2427, Time: 00:06:29

Health: -2/42      AC:  3    Str: 14    XL:     5   Next: 73%
Magic:  5/5        EV: 10    Int: 10    God:
Gold:   79         SH:  0    Dex: 14    Spells: 0 memorised, 4 levels left

rFire  . . .     SeeInvis .     a - +2 spear
rCold  . . .     Gourm    .     s - +0 leather armour
rNeg   . . .     Faith    .     (no shield)
rPois  .         Spirit   .     (no helmet)
rElec  .         Reflect  .     (no cloak)
rCorr  .         Harm     .     (no gloves)
MR     .....                    (no boots)
Stlth  ++........               (no amulet)
                                (no ring)
                                (no ring)

@: no status effects
A: no striking features
a: no special abilities


You were on level 3 of the Dungeon.
You were near starving.

You visited 1 branch of the dungeon, and saw 3 of its levels.

You collected 79 gold pieces.

Inventory:

Hand Weapons
 a - a +2 spear (weapon)
 d - a +0 dagger
 r - a +3 blowgun
Missiles
 i - 14 poisoned needles
 m - 2 javelins (quivered)
Armour
 c - a +0 robe
 j - a +0 shield
 s - a +0 leather armour (worn)
Jewellery
 e - a +3 amulet of reflection {unknown}
Scrolls
 b - 3 scrolls of teleportation
 n - 2 scrolls of remove curse {unknown}
 p - a scroll of amnesia {unknown}
 u - a scroll of identify {unknown}
Potions
 h - a potion of heal wounds {unknown}
 k - a potion of degeneration {unknown}
 l - 2 potions of flight {unknown}
 o - a potion of brilliance {unknown}
 q - a potion of agility {unknown}
Comestibles
 f - 3 bread rations
 g - 2 beef jerkies
 t - a slice of pizza


   Skills:
 - Level 4.0 Fighting
 - Level 1.0 Short Blades
 + Level 6.0 Polearms
 - Level 2.0 Stealth


You had 4 spell levels left.
You didn't know any spells.

Dungeon Overview and Level Annotations

Branches:
Dungeon (3/15)

Altars:
Okawaru
Zin

Annotations:
D:2 1 runed door, Sigmund
D:3 Robin


Message History

You closely miss the goblin. The goblin barely misses you. x2
You hit the goblin.
You kill the goblin!
The goblin hits you.
* * * LOW HITPOINT WARNING * * *
Robin says, "Kneel, worm!"
The goblin wields an uncursed hunting sling.
The goblin shoots a stone.
The stone barely misses you.
Items here: ))) †† a dagger; a club; a dagger; a goblin corpse x2
The goblin shoots a stone.
The stone barely misses you.
The goblin shoots a stone.
The stone barely misses you.
You see here 4 stones.
The goblin no longer looks unusually strong.
The goblin shoots a stone.
The stone hits you.
* * * LOW HITPOINT WARNING * * *
You see here 2 stones.
You see here 2 stones.
The goblin shoots a stone.
The stone hits you.
You die...

.# ##.## #.......#### .# #..#
#........## .#####.# #.........#
.......# #.........# .......##
######.######### . ........#
#...##.# .. ......#.# #...##.#
...
#.....#.####...##.###########g...
).....'.........@...(((gg.)()g.>.
#.....#.[#######..#############'#
#.....##......##.)####......#
.....###......##............#
####.# #......##............# #
#.# ##.######..>.....##### ## #.#
#..# #........# .# #.# ##.##
#........######### .# #.# #..#
#.#####...........


You could see a goblin.

Vanquished Creatures
  A hound (D:3)
  Jessica (D:3)
  Terence (D:3)
  2 adders (D:3)
  An ooze (D:1)
  2 worms (D:3)
  A dart slug (D:3)
  A leopard gecko (D:2)
  An orc (D:3)
  3 bats
  4 giant cockroaches
  10 goblins
  9 hobgoblins
  3 jackals (D:3)
  2 frilled lizards (D:1)
  4 kobolds
  A rat (D:1)
47 creatures vanquished.

Notes
Turn   | Place    | Note
-------+----------+-------------------------------------------
     0 | D:1      | Wander the Human Wanderer began the quest for the Orb.
     0 | D:1      | Wander set off with: a +2 spear, 2 scrolls of teleportation, a +0 robe, a +0 dagger, a bread ration
     0 | D:1      | Reached XP level 1. HP: 19/19 MP: 1/1
   113 | D:1      | Reached XP level 2. HP: 24/25 MP: 2/2
   581 | D:2      | Found a runed door.
   642 | D:2      | Noticed Sigmund
   736 | D:2      | Reached skill level 4 in Polearms
   736 | D:2      | Reached XP level 3. HP: 30/30 MP: 3/3
  1546 | D:3      | Reached XP level 4. HP: 37/37 MP: 4/4
  1598 | D:3      | Noticed Terence
  1599 | D:3      | Noticed an ogre
  1642 | D:3      | Reached skill level 5 in Polearms
  1783 | D:3      | Noticed Jessica
  1792 | D:3      | Killed Jessica
  1792 | D:3      | Reached XP level 5. HP: 38/42 MP: 5/5
  2011 | D:3      | Found an iron altar of Okawaru.
  2011 | D:3      | Found a glowing silver altar of Zin.
  2121 | D:3      | Killed Terence
  2387 | D:3      | Noticed Robin
  2412 | D:3      | Reached skill level 6 in Polearms
  2427 | D:3      | Shot with a stone by a goblin

Skill      XL: |  1  2  3  4  5 |
---------------+----------------+-----
Polearms       | 4 5 6 |  6.0
Fighting       | |  4.0
Short Blades   | |  1.0
Stealth        | |  2.0

Action                   |  1- 3 |  4- 6 || total
-------------------------+-------+-------++-------
Melee: Spear             |    89 |    80 ||   169
 Stab: Sleeping          |     8 |     1 ||     9
  Eat: Chunk             |     2 |     1 ||     3
Armor: Robe              |     5 |       ||     5
       Leather armour    |     6 |     4 ||    10
Dodge: Dodged            |    31 |    39 ||    70
